 Dungeon Crawl Stone Soup version 0.25-a0-860-gf695395b5c (webtiles) character file.

Game seed: 7088332959138925504, levelgen mode: deterministic

101 esteth the Magician (level 4, 0/34 HPs)
             Began as a Gnoll Wanderer on Apr 27, 2020.
             Killed by divine providence
             ... invoked by an orc priest
              (8 damage)
             ... on level 3 of the Dungeon.
             The game lasted 00:04:32 (2508 turns).

esteth the Magician (Gnoll Wanderer)                Turns: 2508, Time: 00:04:33

Health: 0/34       AC:  3    Str: 14      XL:     4   Next: 75%
Magic:  11/11      EV: 13    Int: 11 (13) God:
Gold:   86         SH:  0    Dex: 16 (17) Spells: 11/13 levels left

rFire    . . .     SeeInvis .   a - +0 falchion
rCold    . . .     Gourm    .   (no shield)
rNeg     . . .     Faith    .   d - +0 robe
rPois    .         Spirit   .   (no helmet)
rElec    .         Reflect  .   (no cloak)
rCorr    .         Harm     .   e - +0 pair of gloves
MR       .....                  (no boots)
Stlth    ++........             r - amulet of magic regeneration
HPRegen  0.11/turn              (no ring)
MPRegen  0.37/turn              (no ring)

@: hasted, very quick
A: distributed training, fangs 1, strong nose
a: no special abilities


You were on level 3 of the Dungeon.
You were not hungry.

You visited 1 branch of the dungeon, and saw 3 of its levels.

You collected 86 gold pieces.

Inventory:

Hand Weapons
 a - a +0 falchion (weapon)
Armour
 d - a +0 robe (worn)
 e - a +0 pair of gloves (worn)
Jewellery
 r - an amulet of magic regeneration (around neck)
Scrolls
 h - a scroll of immolation {unknown}
 i - a scroll of noise {unknown}
 k - a scroll of remove curse {unknown}
 n - 3 scrolls of enchant armour {unknown}
 o - a scroll of teleportation
 p - a scroll of enchant weapon {unknown}
Potions
 c - 3 potions of lignification
 g - a potion of curing {unknown}
 j - a potion of haste
 l - a potion of degeneration
 m - a potion of magic {unknown}
 q - a potion of might {unknown}
Comestibles
 b - a chunk of flesh
 f - 6 rations


   Skills:
 + Level 2.8 Fighting
 + Level 1.2 Short Blades
 + Level 1.2 Long Blades
 + Level 1.2 Axes
 + Level 1.2 Maces & Flails
 + Level 1.2 Polearms
 + Level 2.8 Staves
 + Level 1.2 Slings
 + Level 1.2 Bows
 + Level 1.2 Crossbows
 + Level 4.7 Throwing
 + Level 1.2 Armour
 + Level 2.8 Dodging
 + Level 1.2 Stealth
 + Level 1.2 Shields
 + Level 1.2 Unarmed Combat
 + Level 5.1 Spellcasting
 + Level 1.0 Conjurations
 + Level 1.0 Hexes
 + Level 1.0 Charms
 + Level 2.3 Summonings
 + Level 3.9 Necromancy
 + Level 1.0 Translocations
 + Level 1.0 Transmutations
 + Level 1.0 Fire Magic
 + Level 1.0 Ice Magic
 + Level 1.0 Air Magic
 + Level 1.0 Earth Magic
 + Level 1.0 Poison Magic
 + Level 1.3 Invocations
 + Level 1.2 Evocations


You had 11 spell levels left.
You knew the following spells:

 Your Spells              Type           Power        Failure   Level  Hunger
a - Animate Skeleton      Necr           N/A          4%          1    None
b - Pain                  Necr           ##..         4%          1    None

Your spell library contained the following spells:

 Spells                   Type           Power        Failure   Level  Hunger
 Vampiric Draining        Necr           ##........   13%         3    ###....
 Animate Dead             Necr           N/A          38%         4    ####...
 Agony                    Necr           ##......     75%         5    ######.


Dungeon Overview and Level Annotations

Branches:
Dungeon (3/15)

Altars:


Innate Abilities, Weirdness & Mutations

Your experience applies equally to all skills.
You have very sharp teeth.
Your uncanny sense of smell can sniff out nearby items.


Message History

You hit the orc priest.
The orc priest is moderately wounded.
The orc priest completely misses you.
You closely miss the orc priest.
The orc priest is moderately wounded.
The orc priest hits you with a +0 short sword.
You hit the orc priest.
The orc priest is heavily wounded.
An orc comes into view.
The orc wizard mumbles some strange words.
The orc wizard seems to speed up.
The orc priest mumbles some strange prayers to Beogh against you.
Beogh smites you!
The orc priest hits you with a +0 short sword.
* * * LOW HITPOINT WARNING * * *
You are too injured to fight recklessly!
It was a potion of haste.
You feel yourself speed up.
The orc priest calls down the wrath of Beogh upon you.
Beogh smites you!
You die...

......[.#.........÷.....#
.......#######...#####....
..#...# #.........### #
###. #...###### .. #...#
.# #...# 8. ##$## #.# #@#
#o#


So# ..o. ∆ ....# ####.# #.# #.# You could see an orc priest, an orc wizard, an
adder and an orc.

Vanquished Creatures
  3 adders
  3 adder zombies (D:2)
  4 dart slugs
  3 leopard geckos
  2 bats
  7 goblins
  5 hobgoblins
  3 jackals (D:2)
  A quokka (D:2)
  A ball python (D:2)
  A frilled lizard (D:2)
  A jackal skeleton (D:2)
  2 kobolds (D:1)
  6 rats
42 creatures vanquished.

Vanquished Creatures (collateral kills)
  2 worms (D:2)
  A goblin (D:2)
  A quokka (D:2)
  2 bats (D:2)
  A rat (D:2)
7 creatures vanquished.

Grand Total: 49 creatures vanquished

Notes
Turn   | Place    | Note
-------+----------+-------------------------------------------
     0 | D:1      | esteth the Gnoll Wanderer began the quest for the Orb.
     0 | D:1      | esteth set off with the following items: a +0 falchion, a
                  | potion of lignification, a +0 robe, a ration; and the
                  | following spells available to memorise: Animate Skeleton,
                  | Pain, Vampiric Draining, Animate Dead, Agony
     0 | D:1      | Reached XP level 1. HP: 17/17 MP: 6/6
     2 | D:1      | Learned a level 1 spell: Animate Skeleton
     4 | D:1      | Learned a level 1 spell: Pain
   240 | D:1      | Reached XP level 2. HP: 21/23 MP: 7/7
   803 | D:2      | Reached skill level 5 in Spellcasting
   803 | D:2      | Reached XP level 3. HP: 3/28 MP: 3/9
  1235 | D:2      | Reached skill level 1 in Invocations
  1586 | D:2      | Reached skill level 1 in Short Blades
  1586 | D:2      | Reached skill level 1 in Long Blades
  1586 | D:2      | Reached skill level 1 in Axes
  1586 | D:2      | Reached skill level 1 in Maces & Flails
  1586 | D:2      | Reached skill level 1 in Polearms
  1586 | D:2      | Reached skill level 1 in Slings
  1586 | D:2      | Reached skill level 1 in Bows
  1586 | D:2      | Reached skill level 1 in Crossbows
  1586 | D:2      | Reached skill level 1 in Armour
  1586 | D:2      | Reached skill level 1 in Stealth
  1586 | D:2      | Reached skill level 1 in Shields
  1586 | D:2      | Reached skill level 1 in Unarmed Combat
  1586 | D:2      | Reached skill level 1 in Evocations
  1723 | D:2      | Reached XP level 4. HP: 27/34 MP: 11/11
  2473 | D:3      | Reached skill level 1 in Conjurations
  2473 | D:3      | Reached skill level 1 in Hexes
  2473 | D:3      | Reached skill level 1 in Charms
  2473 | D:3      | Reached skill level 1 in Translocations
  2473 | D:3      | Reached skill level 1 in Transmutations
  2473 | D:3      | Reached skill level 1 in Fire Magic
  2473 | D:3      | Reached skill level 1 in Ice Magic
  2473 | D:3      | Reached skill level 1 in Air Magic
  2473 | D:3      | Reached skill level 1 in Earth Magic
  2473 | D:3      | Reached skill level 1 in Poison Magic
  2508 | D:3      | Killed from afar by an orc priest

Levels and vault maps discovered:
D:1:      dpeg_arrival_three_same_balls, layout_rooms, minmay_tetromino_i4
D:2:      minmay_chambers_of_ones, layout_loops_ring, first_ration,
          serial_undead, serial_undead_e, serial_undead_d, serial_undead_c,
          serial_undead_b
D:3:      layout_loops_cross, marbit_many_paths, eat_drink_and_be_merry_uskayaw,
          okawaru_trees_1, kennysheep_generic_room_7

Skill      XL: |  1  2  3  4 |
---------------+-------------+-----
Summonings     | 2 |  2.3
Spellcasting   | 5 |  5.1
Invocations    | 1 |  1.3
Short Blades   | 1 |  1.2
Long Blades    | 1 |  1.2
Axes           | 1 |  1.2
Maces & Flails | 1 |  1.2
Polearms       | 1 |  1.2
Slings         | 1 |  1.2
Bows           | 1 |  1.2
Crossbows      | 1 |  1.2
Armour         | 1 |  1.2
Stealth        | 1 |  1.2
Shields        | 1 |  1.2
Unarmed Combat | 1 |  1.2
Evocations     | 1 |  1.2
Conjurations   | 1 |  1.0
Hexes          | 1 |  1.0
Charms         | 1 |  1.0
Translocations | 1 |  1.0
Transmutations | 1 |  1.0
Fire Magic     | 1 |  1.0
Ice Magic      | 1 |  1.0
Air Magic      | 1 |  1.0
Earth Magic    | 1 |  1.0
Poison Magic   | 1 |  1.0
Fighting       | |  2.8
Staves         | |  2.8
Throwing       | |  4.7
Dodging        | |  2.8
Necromancy     | |  3.9

Action                   |  1- 3 |  4- 6 || total
-------------------------+-------+-------++-------
Melee: Falchion          |   100 |    54 ||   154
       Bite              |    11 |     6 ||    17
 Cast: Pain              |     4 |       ||     4
       Animate Skeleton  |     7 |     1 ||     8
  Use: Potion            |     1 |     1 ||     2
       Scroll            |     3 |       ||     3
 Stab: Sleeping          |     2 |     7 ||     9
  Eat: Chunk             |     1 |     4 ||     5
Armor: Robe              |    26 |     7 ||    33
Dodge: Dodged            |    71 |    42 ||   113
       Rpst.: Falchion   |    19 |    12 ||    31

Table legend:
 A = Non-vault XP
 B = Vault XP
 C = Vault XP percentage of total XP
 D = Non-vault monster count
 E = Vault monster count
 F = Vault count percentage of total count
                 A         B        C        D         E       F
            +---------+---------+-------+---------+---------+-------
      Total |     112 |      33 |  22.8 |      37 |      12 |  24.5
            +---------+---------+-------+---------+---------+-------
        D:1 |      22 |       6 |  21.4 |      10 |       3 |  23.1
        D:2 |      59 |      27 |  31.4 |      23 |       9 |  28.1
        D:3 |      31 |       0 |   0.0 |       4 |       0 |   0.0
            +---------+---------+-------+---------+---------+-------
